 Dungeon Crawl Stone Soup version 0.31-a0-986-g5e6e4ef867 (webtiles) character file.

Game seed: 16622197435532565285

44 DApurpleWHUMPUS the Firebug (level 3, -2/25 HPs)
             Began as a Deep Elf Fire Elementalist on Nov 25, 2023.
             Was a Believer of Hepliaklqana.
             Succumbed to an adder's poison
             ... on level 2 of the Dungeon.
             The game lasted 00:06:59 (1688 turns).

DApurpleWHUMPUS the Firebug (DEFE)                  Turns: 1688, Time: 00:07:00

Health: -2/25      AC: 21    Str:  5    XL:     3   Next: 39%
Magic:  8/9        EV:  2    Int: 21    God:    Hepliaklqana [**....]
Gold:   30         SH:  0    Dex: 15    Spells: 7/8 levels left

rFire   . . .        e - +0 dagger
rCold   . . .        (no shield)
rNeg    . . .        c - melded +0 leather armour
rPois   +            (helmet currently unavailable)
rElec   .            (cloak currently unavailable)
rCorr   .            j - melded +0 pair of gloves
SInv    .            (boots currently unavailable)
Will    .....        (no amulet)
Stlth   ++           (no ring)
HPRegen 0.24/turn    (no ring)
MPRegen 0.11/turn

%: no passive effects
@: lethally poisoned (-2 -> -16), tree-form
A: stationary, stasis, torment immunity, boosted hp, reduced essence
a: Renounce Religion, Ancestor Life: Knight, Ancestor Life: Battlemage, Ancestor
Life: Hexer, Recall Ancestor, Ancestor Identity


You were on level 2 of the Dungeon.
You worshipped Hepliaklqana.
Hepliaklqana was pleased with you.
You were a tree.
You visited 1 branch of the dungeon, and saw 2 of its levels.

You collected 30 gold pieces.

Inventory:

Hand Weapons
 e - a +0 dagger (weapon)
Missiles
 h - 5 darts of dispersal
Armour
 a - a +0 robe
 c - a +0 leather armour (melded)
 d - a +0 buckler
 j - a +0 pair of gloves (melded)
Scrolls
 f - a scroll of identify {unknown}
 g - a scroll of blinking {unknown}
 i - a scroll of acquirement {unknown}
Potions
 b - a potion of magic
 l - a potion of enlightenment {unknown}


   Skills:
 + Level 2.9 Dodging
 + Level 3.0 Stealth
 + Level 3.4 Spellcasting
 + Level 1.8 Conjurations
 * Level 3.9 Fire Magic


You had 7 spell levels left.
You knew the following spells:

 Your Spells              Type           Power      Damage    Failure   Level
a - Foxfire               Conj/Fire      60%        2x1d7     4%          1

Your spell library contained the following spells:

 Spells                   Type           Power      Damage    Failure   Level
 Scorch                   Fire           40%        2d6       3%          2
 Inner Flame              Hex/Fire       11%        N/A       17%         3
 Volatile Blastmotes      Fire/Tloc      22%        2d11      17%         3
 Flame Wave               Conj/Fire      15%        2d7       36%         4


Dungeon Overview and Level Annotations

Branches:
Dungeon (2/15)

Altars:
Hepliaklqana
Xom


Message History

Found a dagger.
l - a silvery potion
Found an escape hatch in the floor.
An adder comes into view.
The adder hisses angrily.
You see here a book of Spectacle.
An adder is nearby!
Unknown command.
The adder bites you.
You are poisoned.
The adder poisons you!
You hit the adder but do no damage.
You feel sick. The adder bites you but does no damage.
You closely miss the adder.
You feel sick. The adder bites you. The adder barely misses you.
You hit the adder.
The adder is lightly wounded.
You feel sick. The adder barely misses you.
Sextus barely misses the adder.
You are too injured to fight recklessly!
Casting: Foxfire (safe; 7% risk of failure)
Confirm with . or Enter, or press ? or * to list all spells.
You conjure some foxfire!
You feel sick. The adder barely misses you.
Sextus closely misses the adder.
You hit the adder.
The adder is moderately wounded.
You feel sick.
The foxfire hits the adder.
The adder is almost dead.
The adder bites you.
* * * LOW HITPOINT WARNING * * *
You are lethally poisoned!
The adder poisons you!
Sextus barely misses the adder.
The adder bites you.
* * * LOW HITPOINT WARNING * * *
You are more poisoned.
The adder poisons you!
Okay, then.
It was a potion of lignification.
You turn into a tree.
Your +0 pair of gloves melds into your body.
Your +0 leather armour melds into your body.
Your roots penetrate the ground.
You die...

#.# #........###.#
#.#######.#.......#
#..............####
###########......#
........##......#
#.......##.#....#
#.......##.#....#
#§R.....##.#....# #
#v♣S....##......# #
#:#########.....# #
#.######### #
#.........# #
###.........## ## #
#............# ..###
#>...........####....
#................####
###.........#.#......


You could see the friendly Sextus the ancestor and an adder (ally target).

Vanquished Creatures
  3 bats
  5 endoplasms (D:1)
  4 giant cockroaches
  A goblin (D:1)
  A hobgoblin (D:1)
  3 jackals (D:1)
  4 kobolds (D:1)
  A quokka (D:1)
  4 ball pythons (D:1)
  A frilled lizard (D:1)
  6 rats
33 creatures vanquished.

Vanquished Creatures (collateral kills)
  A giant cockroach (D:2)
  3 goblins
4 creatures vanquished.

Vanquished Creatures (others)
  61 foxfires
61 creatures vanquished.

Grand Total: 98 creatures vanquished

Notes
Turn   | Place    | Note
-------+----------+-------------------------------------------
     0 | D:1      | DApurpleWHUMPUS the Deep Elf Fire Elementalist began the
                  | quest for the Orb.
     0 | D:1      | Reached XP level 1. HP: 10/10 MP: 6/6
   211 | D:1      | Reached XP level 2. HP: 15/15 MP: 6/8
   584 | D:1      | Found a faded altar of an unknown god.
   647 | D:1      | Prayed at the altar of an unknown god.
   647 | D:1      | Became a worshipper of Hepliaklqana the Forgotten
   647 | D:1      | Reached * piety under Hepliaklqana
   917 | D:1      | Reached XP level 3. HP: 12/17 MP: 9/9
  1606 | D:2      | Found a shimmering altar of Xom.
  1637 | D:2      | Reached ** piety under Hepliaklqana
  1688 | D:2      | Succumbed to an adder's poison

Illustrated notes

Levels and vault maps discovered:
D:1:      nzn_arrival_water_spiral, layout_loops_corners,
          shapermc_ecumenical_altar_notcrosses
D:2:      layout_basic, basic_altar

Skill      XL: |  1  2  3 |
---------------+----------+-----
Stealth        | 3 |  3.0
Dodging        | |  2.9
Spellcasting   | |  3.4
Conjurations   | |  1.8
Fire Magic     | |  3.9

Action                     || total
---------------------------++-------
  Melee: Unarmed           ||     5
         Dagger            ||    33
   Cast: Foxfire           ||    46
    Use: Potion            ||     1
   Stab: Sleeping          ||     2
 Armour: Robe              ||     8
         Leather armour    ||    22
  Dodge: Dodged            ||    27

Table legend: (Time is in decaauts)
 A = Elapsed time spent in this place.
 B = Non-inter-level travel time spent in this place.
 C = Inter-level travel time spent in this place.
 D = Time resting spent in this place.
 E = Time spent auto-exploring this place.
 F = Levels seen in this place.
 G = Mean time per level.
                   A        B        C        D        E       F      G
               +--------+--------+--------+--------+--------+-----+--------+
         Total |   1687 |   1594 |     93 |    155 |    972 |   2 |  843.5 |
       Dungeon |   1687 |   1594 |     93 |    155 |    972 |   2 |  843.5 |
               +--------+--------+--------+--------+--------+-----+--------+

Top non-repeatable levels by time:
     D:1: 1443 daAuts
     D:2: 244 daAuts
